 Dungeon Crawl Stone Soup version 0.30.1-4-g462c640d31 (webtiles) character file.

Game seed: 15974858431860437144

20822 arthad the Fighter (level 12, -3/92 HPs)
             Began as a Red Draconian Transmuter on Sept 4, 2023.
             Was an Elder of Hepliaklqana.
             Killed by divine providence
             ... invoked by an orc priest
              (10 damage)
             ... on level 12 of the Dungeon.
             The game lasted 00:42:48 (13252 turns).

arthad the Fighter (Red Draconian Transmuter)      Turns: 13252, Time: 00:42:49

Health: -3/92      AC: 13    Str: 13    XL:     12   Next: 48%
Magic:  22/22      EV: 20    Int: 23    God:    Hepliaklqana [****..]
Gold:   804        SH:  0    Dex: 15    Spells: 16/25 levels left

rFire   + .          .
                       - Unarmed
rCold   + + .        (no shield)
rNeg    . . .        (body armour unavailable)
rPois   .            (helmet currently unavailable)
rElec   .            n - +2 cloak
rCorr   .            m - +1 pair of gloves of Jam Meph {rC++ Dex+2}
SInv    .            (boots currently unavailable)
Will    .....        (no amulet)
Stlth   +++          d - +6 ring of intelligence
HPRegen 0.35/turn    q - +5 ring of evasion
MPRegen 0.18/turn

%: no passive effects
@: short of breath, appendages
A: horns 2, talons 2, reduced essence, breathe fire, AC +8, unfitting armour,
fire resistance 1, cold-blooded
a: Breathe Fire, End Transformation, Renounce Religion, Recall Ancestor,
Ancestor Identity, Transference, Idealise


You were on level 12 of the Dungeon.
You worshipped Hepliaklqana.
Hepliaklqana was greatly pleased with you.
You had temporarily grown beastly horns and talons.
You visited 1 branch of the dungeon, and saw 12 of its levels.
You also visited: Bailey.

You collected 804 gold pieces.

Inventory:

Hand Weapons
 i - a +3 broad axe
 t - a +3 quarterstaff of chaos
 D - the +3 Elemental Staff {rElec rF+ rC+ AC+3}
   (You acquired it on level 9 of the Dungeon)

   It enhances your fire, ice, earth and air magic.
   AC:        It affects your AC (+3).
   rF:        It protects you from fire.
   rC:        It protects you from cold.
   rElec:     It insulates you from electricity.
 K - the +3 rapier "Use Pot" {heavy, rPois Str-2 Int+2 Stlth+}
   (You found it on level 10 of the Dungeon)

   Str:       It affects your strength (-2).
   Int:       It affects your intelligence (+2).
   rPois:     It protects you from poison.
   Stlth:     It makes you more stealthy.
 M - the +8 frozen axe "Frostbite" {freeze, freezing cloud, *Noise Fly rC+}
   (You found it on level 10 of the Dungeon)

   rC:        It protects you from cold.
   Fly:       It grants you flight.
   *Noise:    It may make noises in combat.
Armour
 l - the +0 leather armour of the Boiling Point {Drain rPois rCorr Dex+4}
   (You found it in a bailey)

   Dex:       It affects your dexterity (+4).
   rPois:     It protects you from poison.
   rCorr:     It protects you from acid and corrosion.
   Drain:     It drains your maximum health when unequipped.
 m - the +1 pair of gloves of Jam Meph (worn) {rC++ Dex+2}
   (You acquired it on level 9 of the Dungeon)

   Dex:       It affects your dexterity (+2).
   rC:        It greatly protects you from cold.
 n - a +2 cloak (worn)
 C - a +0 hat
Magical Staves
 Q - the staff of cold "Qabuif" {rElec rC+ rN+++ Str-3}
   (You found it on level 11 of the Dungeon)

   [staff of cold]

   Base accuracy: +5 Base damage: 5 Base attack delay: 1.2 This weapon's minimum
   attack delay (0.6) is reached at skill level 12.
   Str:       It affects your strength (-3).
   rC:        It protects you from cold.
   rElec:     It insulates you from electricity.
   rN:        It renders you almost immune to negative energy.
   It falls into the 'Staves' category.
   It is a one-handed weapon.
Jewellery
 d - a +6 ring of intelligence (left hand)
 q - a +5 ring of evasion (right hand)
 v - a ring of wizardry
 N - a ring of positive energy
 R - an amulet of magic regeneration
 S - a ring of flight
Wands
 k - a wand of flame (17)
 w - a wand of mindburst (14)
 x - a wand of paralysis (11)
 y - a wand of roots (16)
Scrolls
 c - 9 scrolls of teleportation
 e - 4 scrolls of noise
 f - a scroll of silence
 g - 2 scrolls of enchant armour
 o - a scroll of magic mapping
 u - a scroll of brand weapon
 z - a scroll of fog
 F - a scroll of enchant weapon
 G - a scroll of blinking
 I - a scroll of fear {unknown}
 J - 4 scrolls of identify
 O - a scroll of amnesia {unknown}
 P - a scroll of poison
Potions
 a - 2 potions of lignification
 b - 3 potions of attraction
 h - 2 potions of cancellation
 j - 2 potions of curing
 p - 3 potions of mutation
 r - a potion of invisibility
 s - 2 potions of degeneration
 A - a potion of ambrosia
 B - 5 potions of flight
 H - 2 potions of brilliance
 L - a potion of haste
Miscellaneous
 T - a box of beasts
 U - a lightning rod (4/4)


   Skills:
 * Level 8.6 Fighting
 * Level 7.1 Dodging
 + Level 5.0 Stealth
 * Level 8.1 Unarmed Combat
 * Level 7.1 Spellcasting
 * Level 6.7 Conjurations
 + Level 3.9 Translocations
 * Level 7.8 Transmutations
 * Level 8.1 Fire Magic
 * Level 6.7 Invocations


You had 16 spell levels left.
You knew the following spells:

 Your Spells              Type           Power      Damage    Failure   Level
a - Beastly Appendage     Tmut           88%        N/A       1%          1
b - Wereblood             Tmut           44%        N/A       1%          2
c - Blink                 Tloc           52%        N/A       2%          2
d - Iskenderun's Mystic   Conj/Tloc      32%        2d8       9%          4

Your spell library contained the following spells:

 Spells                   Type           Power      Damage    Failure   Level
 Momentum Strike          Conj/Tloc      64%        3d9       1%          2
 Volatile Blastmotes      Fire/Tloc      72%        2d16      1%          3
 Lesser Beckoning         Tloc           52%        N/A       2%          2
 Spider Form              Tmut/Pois      26%        N/A       4%          3
 Dazzling Flash           Conj/Hex       46%        N/A       6%          3
 Portal Projectile        Hex/Tloc       34%        N/A       10%         3
 Ice Form                 Ice/Tmut       26%        N/A       16%         4
 Call Canine Familiar     Summ           8%         N/A       22%         3
 Starburst                Conj/Fire      21%        6d7       50%         6
 Leda's Liquefaction      Hex/Erth       4%         N/A       58%         4
 Olgreb's Toxic Radiance  Pois           8%         N/A       58%         4
 Summon Forest            Summ/Tloc      8%         N/A       67%         5
 Summon Mana Viper        Hex/Summ       8%         N/A       91%         5
 Summon Cactus Giant      Summ           4%         N/A       100%        6
 Discord                  Hex            4%         N/A       100%        8
 Ignition                 Fire           22%        3d8       100%        8


Dungeon Overview and Level Annotations

Branches:
Dungeon (12/15)            Temple (0/1) D:5            Lair (0/5) D:9
    Orc (0/2) D:11         Bailey (visited)

Altars:
Ashenzari
Cheibriados
Dithmenos
Elyvilon
Hepliaklqana
Kikubaaqudgha
Nemelex Xobeh
Okawaru
Ru
Uskayaw
Vehumet
Xom
Zin

Shops:
D:9 (*   D:12 [

Annotations:
D:4 1 transporter
D:12 2 runed translucent doors


Innate Abilities, Weirdness & Mutations

You have temporarily grown beastly horns and talons.
Your life essence is reduced to manifest your ancestor. (-10% HP)
You can breathe blasts of fire.
Your fiery red scales are hard. (AC +8)
You cannot fit into any form of body armour.
Your flesh is heat resistant. (rF+)
You are cold-blooded and may be slowed by cold attacks.


Message History

You hit the orc priest.
You kill the orc priest!
Shatu-murrim gestures at the orc warrior while chanting.
The stone arrow hits the orc warrior!
The orc priest invokes the aid of Beogh against you.
Beogh smites you!
Aiming: Breathe Fire (2% risk of failure)
Press: ? - help, Shift-Dir - straight line, f - orc
Aim: an orc, wielding a +0 dagger and wearing a +0 leather armour (71% to hit)
You breathe a blast of fire.
The fiery breath hits the orc warrior!
You kill the orc warrior!
The fiery breath hits the orc!
You kill the orc!
The fiery breath hits the orc priest!
The orc priest is heavily wounded.
The fiery breath hits the orc!
You kill the orc!
The fiery breath misses the orc.
The orc is engulfed in blazing flames.
You kill the orc!
The orc warrior unwields a +0 short sword.
The orc warrior wields a +0 arbalest.
The orc warrior shoots a bolt.
The bolt misses you.
Shatu-murrim points at the orc priest and mumbles some strange words.
The stone arrow hits the orc!!
The orc dies!
The orc priest calls down the wrath of Beogh upon you.
Beogh smites you!
The orc priest mumbles some strange prayers to Beogh against you.
Beogh smites you!
* * * LOW HITPOINT WARNING * * *
The orc priest mumbles some strange prayers to Beogh against you.
Beogh smites you!
* * * LOW HITPOINT WARNING * * *
You swap places.
Shatu-murrim points at the orc priest and mumbles some strange words.
The stone arrow hits the orc!
The orc dies!
The orc priest mumbles some strange prayers to Beogh against you.
Beogh smites you!
You die... #...............).. ##########.####+### #.☼..#...#.# ..... #oo..###.#.#.#...#. #.o.o#.#.#.#....... ooo

#.#.#.#!..[...
#)###.#.#.#.......
#R#...#...#.#...#.
#@#.#...#.# .....
#.#.#.###.####+###
#.#.#...........(.
#.#.#########.##..
#.#.........#.##..
#...........#.##..
#.##.########.##..
#.##.## #.......
#.##..## #.......


You could see the friendly Shatu-murrim the battlemage, an orc warrior, 3 orc
priests and 2 orcs.

Vanquished Creatures
  An orc warlord (Bailey)
  2 two-headed ogres
  2 unseen horrors
  A gargoyle (D:12)
  A kobold demonologist (D:10)
  A troll (D:11)
  A queen bee (D:9)
  3 yaks (D:9)
  Eustachio (D:5)
  6 vampire mosquitoes (D:11)
  A water moccasin (D:5)
  2 ice beasts (D:9)
  7 orc warriors
  A black bear (D:6)
  5 ogres
  5 centaurs
  3 kobold brigands
  2 phantoms (D:5)
  2 scorpions
  5 wights
  A vampire bat (D:3)
  9 killer bees
  3 howler monkeys
  7 electric eels (D:11)
  2 hounds (D:4)
  Crazy Yiuf (D:5)
  2 orc priests
  3 iguanas
  Ijyb (D:3)
  2 sleepcaps (D:6)
  2 orc wizards
  11 gnolls
  9 adders
  7 white imps
  3 worms
  23 orcs
  5 ball pythons
  14 bats
  9 endoplasms
  2 giant cockroaches (D:1)
  15 goblins
  18 hobgoblins
  3 jackals (D:3)
  12 kobolds
  2 quokkas (D:1)
  A frilled lizard (D:1)
  4 rats
  A spectral goblin (D:2)
224 creatures vanquished.

Vanquished Creatures (collateral kills)
  Nessos (D:12)
  A fire dragon (D:11)
  A boulder beetle (D:12)
  A cyclops (D:12)
  A gargoyle (D:11)
  Psyche (D:11)
  A rime drake (D:9)
  2 ice devils (D:10)
  A kobold demonologist (D:12)
  2 freezing wraiths (D:10)
  2 trolls
  A shadow (D:10)
  A wraith (D:10)
  A yak (D:9)
  A basilisk (shapeshifter) (D:12)
  A steam dragon (D:8)
  A vampire mosquito (D:11)
  An acid dragon (D:11)
  A water moccasin (D:6)
  3 orc warriors (Bailey)
  3 sky beasts
  4 ice beasts (D:9)
  A wolf (D:9)
  A centaur (D:9)
  A kobold brigand (D:8)
  A gnoll sergeant (D:12)
  8 wights
  9 killer bees
  An orc priest (D:9)
  2 iguanas (D:7)
  2 orc wizards
  4 gnolls
  2 white imps (D:10)
  16 orcs
  10 goblins
  6 hobgoblins (Bailey)
  5 kobolds
101 creatures vanquished.

Vanquished Creatures (others)
  7 battlemagi
7 creatures vanquished.

Grand Total: 332 creatures vanquished

Notes
Turn   | Place    | Note
-------+----------+-------------------------------------------
     0 | D:1      | arthad the Draconian Transmuter began the quest for the
                  | Orb.
     0 | D:1      | Reached XP level 1. HP: 16/16 MP: 3/3
    72 | D:1      | Reached XP level 2. HP: 13/23 MP: 5/5
   472 | D:1      | Learned a level 2 spell: Wereblood
   965 | D:2      | Reached XP level 3. HP: 29/29 MP: 4/6
  1170 | D:2      | Reached skill level 1 in Stealth
  1201 | D:2      | Found a faded altar of an unknown god.
  1569 | D:3      | Reached XP level 4. HP: 36/36 MP: 5/7
  1700 | D:3      | Noticed Ijyb
  1730 | D:3      | Killed Ijyb
  1731 | D:3      | Reached XP level 5. HP: 17/42 MP: 6/9
  2335 | D:3      | Found a sacrificial altar of Ru.
  3011 | D:4      | Found a shadowy altar of Dithmenos.
  3046 | D:4      | Reached XP level 6. HP: 32/51 MP: 10/10
  3466 | D:4      | Found a sparkling altar of Nemelex Xobeh.
  3467 | D:4      | Found a transporter.
  3653 | D:5      | Entered Level 5 of the Dungeon
  3680 | D:5      | Found a white marble altar of Elyvilon.
  3838 | D:5      | Your scales start taking on a fiery red colour.
  3838 | D:5      | Reached XP level 7. HP: 53/57 MP: 9/12
  3838 | D:5      | Gained mutation: Your flesh is heat resistant. (rF+) [Red
                  | Draconian growth]
  3899 | D:5      | Found a snail-covered altar of Cheibriados.
  3899 | D:5      | Found a hide-covered altar of Uskayaw.
  4033 | D:5      | Reached skill level 1 in Conjurations
  4033 | D:5      | Reached skill level 1 in Fire Magic
  4128 | D:5      | Found an iron altar of Okawaru.
  4131 | D:5      | Found a hazy altar of Hepliaklqana.
  4131 | D:5      | Noticed Eustachio
  4191 | D:5      | Killed Eustachio
  4250 | D:5      | Found an ancient bone altar of Kikubaaqudgha.
  4254 | D:5      | Found a radiant altar of Vehumet.
  4265 | D:5      | Became a worshipper of Hepliaklqana the Forgotten
  4316 | D:5      | Found a runed translucent door.
  4317 | D:5      | Noticed Crazy Yiuf
  4386 | D:5      | Found a broken altar of Ashenzari.
  4666 | D:5      | Found a staircase to the Ecumenical Temple.
  4925 | D:5      | Killed Crazy Yiuf
  4926 | D:5      | Reached XP level 8. HP: 55/66 MP: 7/13
  5202 | D:6      | Reached skill level 5 in Unarmed Combat
  5290 | D:6      | Learned a level 2 spell: Blink
  5353 | D:6      | Reached * piety under Hepliaklqana
  5518 | D:6      | Reached skill level 5 in Fighting
  5575 | D:6      | Reached skill level 1 in Translocations
  5826 | D:6      | Reached XP level 9. HP: 66/66 MP: 15/15
  6481 | D:7      | Reached skill level 5 in Transmutations
  6540 | D:7      | Reached ** piety under Hepliaklqana
  6541 | D:7      | Remembered your ancestor Shatu-murrim as a battlemage
  6734 | D:7      | Reached skill level 1 in Invocations
  7180 | D:8      | Reached skill level 5 in Spellcasting
  7462 | D:8      | Reached skill level 5 in Dodging
  7656 | D:9      | Found Kinogokh's Antique Weapon Boutique.
  7675 | D:9      | Found a flagged portal.
  7691 | Bailey   | Entered a bailey
  7993 | Bailey   | Reached XP level 10. HP: 52/74 MP: 17/17
  8063 | Bailey   | Reached *** piety under Hepliaklqana
  8120 | Bailey   | Noticed an orc warlord
  8126 | Bailey   | Reached skill level 5 in Conjurations
  8126 | Bailey   | Reached XP level 11. HP: 82/82 MP: 17/20
  8131 | Bailey   | Killed an orc warlord
  8132 | Bailey   | Reached skill level 5 in Invocations
  8305 | Bailey   | Identified the +0 leather armour of the Boiling Point
                  | {Drain rPois rCorr Dex+4}
  8453 | D:9      | Acquired the +1 pair of gloves of Jam Meph {rC++ Dex+2}
  8460 | D:9      | Acquired the +3 Elemental Staff {rElec rF+ rC+ AC+3}
  8460 | D:9      | Found the +3 Elemental Staff {rElec rF+ rC+ AC+3}
  8467 | D:9      | Learned a level 4 spell: Iskenderun's Mystic Blast
  8826 | D:9      | Found a staircase to the Lair.
  9098 | D:9      | Found Funkajyu's Fabulous Fripperies.
  9143 | D:9      | Found a shimmering altar of Xom.
  9196 | D:9      | Found a glowing silver altar of Zin.
 10023 | D:10     | Entered Level 10 of the Dungeon
 10241 | D:10     | Noticed a two-headed ogre
 10255 | D:10     | Killed a two-headed ogre
 10717 | D:10     | Identified the +3 rapier "Use Pot" {heavy, rPois Str-2
                  | Int+2 Stlth+}
 10719 | D:10     | Found the +8 frozen axe "Frostbite" {freeze, freezing
                  | cloud, *Noise Fly rC+}
 10836 | D:10     | Noticed a sixfirhy
 11123 | D:11     | Noticed a two-headed ogre
 11128 | D:11     | Killed a two-headed ogre
 11141 | D:11     | Reached XP level 12. HP: 62/91 MP: 20/22
 11317 | D:11     | Noticed Psyche
 11324 | D:11     | Killed Psyche
 11427 | D:11     | Noticed a fire dragon
 11756 | D:11     | Found a staircase to the Orcish Mines.
 11781 | D:11     | Reached **** piety under Hepliaklqana
 12042 | D:11     | Killed a fire dragon
 12096 | D:11     | Identified the staff of cold "Qabuif" {rElec rC+ rN+++
                  | Str-3}
 12400 | D:12     | Noticed Nessos
 12427 | D:12     | Killed Nessos
 12777 | D:12     | Found a runed translucent door.
 12780 | D:12     | Found the +10 tower shield of Ignorance {rN+ Int-4}
 12829 | D:12     | Found Jisasual's Antique Armour Shoppe.
 12835 | D:12     | Noticed a boulder beetle
 12854 | D:12     | Found a runed translucent door.
 12858 | D:12     | Killed a boulder beetle
 13015 | D:12     | Reached skill level 5 in Stealth
 13252 | D:12     | Killed from afar by an orc priest

Illustrated notes

Levels and vault maps discovered:
D:1:      dpeg_arrival_rooms_a, layout_basic
D:2:      layout_rooms, dreamdust_ecumenical_altar_drowned_temple
D:3:      layout_loops_corners, lemuel_coloured_pillars_altar, roderic_batcave,
          uniq_ijyb
D:4:      layout_loops_ring, nicolae_dithmenos_the_darkroom,
          grunt_nemelex_the_gamble
D:5:      corexii_shack_village, layout_loops_cross, nicolae_ashenzari_skybound,
          lemuel_doored_altar, nicolae_overflow_hallway_of_the_gods,
          minmay_temple_entry_antechambers, chequers_garden,
          uniq_crazy_yiuf_cottage, uniq_eustachio
D:6:      layout_basic, minmay_fractal_squares_5
D:7:      layout_basic
D:8:      layout_loops_ring, kennysheep_generic_room_13
D:9:      layout_basic, amcnicky_altar_gilded, kennysheep_mini_moat,
          hellmonk_lair_entry_icy, serial_shops, shop, enter_bailey_5,
          nrook_mini_backslash, nicolae_alphabet_shops,
          nicolae_looking_at_the_future
D:10:     layout_loops_cross, hellmonk_guarded_unrand_frostbite
D:11:     dragon1_lemuel, layout_basic, orc_0_dummy, uniq_psyche
D:12:     layout_basic, serial_glass, glass_columns_a, glass_columns_a,
          serial_shops, shop, special_room [special_room_orc],
          chequers_guarded_unrand_ignorance, uniq_nessos

Skill      XL: |  1  2  3  4  5  6  7  8  9 10 11 12 |
---------------+-------------------------------------+-----
Dodging        | 2 3 4 5 6 7 |  7.1
Fighting       | 2 3 4 5 6 7 8 |  8.6
Stealth        | 1 2 3 4 5 |  5.0
Transmutations | 3 4 5 6 7 |  7.8
Spellcasting   | 3 4 5 6 7 |  7.1
Unarmed Combat | 4 5 6 7 8 |  8.1
Conjurations   | 1 2 4 5 6 |  6.7
Fire Magic     | 2 3 4 6 7 8 |  8.1
Translocations | 1 2 3 |  3.9
Invocations    | 2 4 5 6 |  6.7

Action                     |  1- 3 |  4- 6 |  7- 9 | 10-12 || total
---------------------------+-------+-------+-------+-------++-------
  Melee: Unarmed           |    81 |   192 |   387 |   329 ||   989
         Kick              |    19 |    38 |    97 |   116 ||   270
         Headbutt          |     8 |    29 |    53 |    66 ||   156
         Tailslap          |     3 |    14 |    57 |    60 ||   134
         Punch             |     1 |     3 |    18 |    19 ||    41
   Cast: Beastly Appendage |    27 |    26 |    47 |    27 ||   127
         Wereblood         |       |       |     5 |    10 ||    15
         Iskenderun's Myst |       |       |       |     5 ||     5
 Invoke: Ancestor Identity |       |       |     2 |       ||     2
         Ancestor Life: Ba |       |       |     1 |       ||     1
         Recall Ancestor   |       |       |       |     1 ||     1
         Idealise          |       |       |       |     1 ||     1
Ability: Breathe Fire      |       |       |     3 |     3 ||     6
  Evoke: Wand              |       |       |       |    27 ||    27
    Use: Potion            |       |     3 |     4 |     4 ||    11
         Scroll            |       |       |     7 |    10 ||    17
   Stab: Sleeping          |     1 |     3 |     4 |       ||     8
         Distracted        |       |       |     2 |     3 ||     5
 Armour: Skin              |    19 |    60 |    81 |   116 ||   276
  Dodge: Dodged            |    55 |   100 |   349 |   381 ||   885
